 Dungeon Sprint DCSS version 0.26.1-11-gd32895ea62 (webtiles) character file.

Game seed: 18383012243829007853

298 Zeld the Magician (level 6, 0/49 HPs)
             Began as a Gnoll Air Elementalist on June 13, 2021.
             Was an Initiate of Sif Muna.
             Slain by a yak (17 damage)
             ... in the Dungeon (Sprint I: "Red Sonja").
             The game lasted 00:01:01 (1086 turns).

Zeld the Magician (Gnoll Air Elementalist)          Turns: 1086, Time: 00:01:02

Health: 0/49       AC:  2    Str: 11    XL:     6   Next: 35%
Magic:  5/15       EV: 16    Int: 19    God:    Sif Muna [......]
Gold:   328        SH:  0    Dex: 15    Spells: 3/18 levels left

rFire    . . .     SeeInvis .     - Unarmed
rCold    . . .     Faith    .   (no shield)
rNeg     . . .     Spirit   .   a - +0 robe
rPois    .         Reflect  .   (no helmet)
rElec    .         Harm     .   (no cloak)
rCorr    .         Rampage  .   (no gloves)
Will     .....     NoTele   +   (no boots)
Stlth    +++.......             (no amulet)
HPRegen  0.16/turn              (no ring)
MPRegen  0.14/turn              (no ring)

@: no status effects
A: distributed training, fangs 1, strong nose
a: Renounce Religion


You were in the Dungeon.
You worshipped Sif Muna.
Sif Muna was noncommittal.
You visited 1 branch You collected 328 gold pieces.

Inventory:

Armour
 a - a +0 robe (worn)
Scrolls
 h - a scroll of blinking
Potions
 c - a potion of curing
 d - a potion of heal wounds
 e - a potion of haste
 f - 2 potions of magic


   Skills:
 + Level 4.4 Fighting
 + Level 4.4 Short Blades
 + Level 4.4 Long Blades
 + Level 4.4 Axes
 + Level 4.4 Maces & Flails
 + Level 4.4 Polearms
 + Level 4.4 Staves
 + Level 4.4 Slings
 + Level 4.4 Bows
 + Level 4.4 Crossbows
 + Level 4.4 Throwing
 + Level 4.4 Armour
 + Level 6.4 Dodging
 + Level 6.2 Stealth
 + Level 4.4 Shields
 + Level 4.4 Unarmed Combat
 + Level 6.7 Spellcasting
 + Level 4.3 Conjurations
 + Level 3.6 Hexes
 + Level 3.6 Summonings
 + Level 3.6 Necromancy
 + Level 3.6 Translocations
 + Level 3.6 Transmutations
 + Level 3.6 Fire Magic
 + Level 3.6 Ice Magic
 + Level 6.6 Air Magic
 + Level 3.6 Earth Magic
 + Level 3.6 Poison Magic
 + Level 4.9 Invocations
 + Level 4.4 Evocations


You had 3 spell levels left.
You knew the following spells:

 Your Spells              Type           Power        Failure   Level
a - Shock                 Conj/Air       100%         1%          1
b - Swiftness             Air            31%          1%          2
c - Static Discharge      Conj/Air       27%          3%          3
d - Airstrike             Air            15%          7%          4
e - Lightning Bolt        Conj/Air       13%          30%         5

Your spell library contained the following spells:

 Spells                   Type           Power        Failure   Level


Dungeon Overview and Level Annotations

Branches:
Dungeon (1/1)

Altars:
Cheibriados
Dithmenos
Fedhas
Gozag
Hepliaklqana
Kikubaaqudgha
Makhleb
Okawaru
Qazlal
Ru
Sif Muna
Trog
Uskayaw
Vehumet
Wu Jian
Xom
Yredelemnul
Zin
Jiyva
Lugonu

Shops:
D [


Innate Abilities, Weirdness & Mutations

Your experience applies equally to all skills.
You have very sharp teeth.
Your uncanny sense of smell can sniff out nearby items.


Message History

The yak gores you.
Unknown command.
Casting: Shock (safe; 1% risk of failure)
Confirm with . or Enter, or press ? or * to list all spells.
Aiming: Shock (safe; 1% risk of failure)
Press: ? - help, Shift-Dir - straight line, f/p - yak
Aim: a yak (heavily wounded, 16% to evade)
The zap hits the yak.
The yak is heavily wounded.
The yak gores you!
Unknown command.
Casting: Shock (safe; 1% risk of failure)
Confirm with . or Enter, or press ? or * to list all spells.
Aiming: Shock (safe; 1% risk of failure)
Press: ? - help, Shift-Dir - straight line, f/p - yak
Aim: a yak (heavily wounded, 16% to evade)
The zap hits the yak.
The yak is severely wounded.
The yak gores you!
You die...

###################
#<.#.)'..#..'..#__#∆∆
#.[').#..'..#..+.J+∆∆
#..#####'#####'#__#
#..# #..#...#)####∆∆
#..# _####..##.# ∆
#..# ____##'#_.+
#⌠⌠#_.∩...'.Y@_# ∆
####_..__##_.#'# ∆∆


____ ##+#.#∆∆∆∆ ### ### ∆ ∆ ∆ ∆∆ ∆∆ ∆ ∆ ∆ ∆ ∆ ∆∆∆∆∆ You could see a yak.

Vanquished Creatures
  Sigmund (D)
  An ogre (D)
  A jelly (D)
  Ijyb (D)
4 creatures vanquished.

Notes
Turn   | Place    | Note
-------+----------+-------------------------------------------
     0 | D        | Zeld the Gnoll Air Elementalist began the quest for the
                  | Orb.
     0 | D        | Reached XP level 1. HP: 13/13 MP: 6/6
     2 | D        | Noticed Ijyb
    27 | D        | Killed Ijyb
    28 | D        | Reached skill level 1 in Fighting
    28 | D        | Reached skill level 1 in Short Blades
    28 | D        | Reached skill level 1 in Long Blades
    28 | D        | Reached skill level 1 in Axes
    28 | D        | Reached skill level 1 in Maces & Flails
    28 | D        | Reached skill level 1 in Polearms
    28 | D        | Reached skill level 1 in Staves
    28 | D        | Reached skill level 1 in Slings
    28 | D        | Reached skill level 1 in Bows
    28 | D        | Reached skill level 1 in Crossbows
    28 | D        | Reached skill level 1 in Throwing
    28 | D        | Reached skill level 1 in Armour
    28 | D        | Reached skill level 1 in Shields
    28 | D        | Reached skill level 1 in Unarmed Combat
    28 | D        | Reached skill level 5 in Spellcasting
    28 | D        | Reached skill level 1 in Hexes
    28 | D        | Reached skill level 1 in Summonings
    28 | D        | Reached skill level 1 in Necromancy
    28 | D        | Reached skill level 1 in Translocations
    28 | D        | Reached skill level 1 in Transmutations
    28 | D        | Reached skill level 1 in Fire Magic
    28 | D        | Reached skill level 1 in Ice Magic
    28 | D        | Reached skill level 1 in Earth Magic
    28 | D        | Reached skill level 1 in Poison Magic
    28 | D        | Reached skill level 1 in Invocations
    28 | D        | Reached skill level 1 in Evocations
    28 | D        | Reached XP level 2. HP: 12/22 MP: 0/8
    28 | D        | Reached XP level 3. HP: 14/27 MP: 0/9
    31 | D        | Learned a level 2 spell: Swiftness
    35 | D        | Learned a level 3 spell: Static Discharge
   240 | D        | Noticed an ogre
   249 | D        | Killed an ogre
   250 | D        | Reached skill level 5 in Dodging
   250 | D        | Reached skill level 5 in Stealth
   250 | D        | Reached XP level 4. HP: 35/35 MP: 1/11
   255 | D        | Learned a level 4 spell: Airstrike
   357 | D        | Noticed Sigmund
   371 | D        | Killed Sigmund
   372 | D        | Reached XP level 5. HP: 42/42 MP: 11/14
   372 | D        | Reached XP level 6. HP: 48/48 MP: 11/15
   621 | D        | Learned a level 5 spell: Lightning Bolt
   634 | D        | Found a burning altar of Makhleb.
   634 | D        | Found a viscous altar of Jiyva.
   634 | D        | Found a shimmering altar of Xom.
   634 | D        | Found a corrupted altar of Lugonu.
   634 | D        | Noticed a slime creature
   798 | D        | Found an ornate altar of the Wu Jian Council.
   798 | D        | Found a shimmering blue altar of Sif Muna.
   800 | D        | Found a radiant altar of Vehumet.
   805 | D        | Became a worshipper of Sif Muna the Loreminder
  1073 | D        | Found Sawoptio's Antique Armour Emporium.
  1073 | D        | Found an ancient bone altar of Kikubaaqudgha.
  1073 | D        | Found a hazy altar of Hepliaklqana.
  1073 | D        | Found a hide-covered altar of Uskayaw.
  1073 | D        | Found a basalt altar of Yredelemnul.
  1073 | D        | Found an opulent altar of Gozag.
  1073 | D        | Found a snail-covered altar of Cheibriados.
  1073 | D        | Found a sacrificial altar of Ru.
  1073 | D        | Found a shadowy altar of Dithmenos.
  1073 | D        | Noticed a yak
  1074 | D        | Found a stormy altar of Qazlal.
  1074 | D        | Found a blossoming altar of Fedhas.
  1074 | D        | Found a bloodstained altar of Trog.
  1074 | D        | Found an iron altar of Okawaru.
  1074 | D        | Found a glowing silver altar of Zin.
  1086 | D        | Slain by a yak

Illustrated notes

Levels and vault maps discovered:
D:        dungeon_sprint_1 [red_sonja_temple_1, red_sonja_temple_small_1]

Skill      XL: |  1  2  3  4 |
---------------+-------------+-----
Fighting       | 1 3 4 |  4.4
Short Blades   | 1 3 4 |  4.4
Long Blades    | 1 3 4 |  4.4
Axes           | 1 3 4 |  4.4
Maces & Flails | 1 3 4 |  4.4
Polearms       | 1 3 4 |  4.4
Staves         | 1 3 4 |  4.4
Slings         | 1 3 4 |  4.4
Bows           | 1 3 4 |  4.4
Crossbows      | 1 3 4 |  4.4
Throwing       | 1 3 4 |  4.4
Armour         | 1 3 4 |  4.4
Shields        | 1 3 4 |  4.4
Unarmed Combat | 1 3 4 |  4.4
Spellcasting   | 5 6 |  6.7
Conjurations   | 2 3 4 |  4.3
Hexes          | 1 2 3 |  3.6
Summonings     | 1 2 3 |  3.6
Necromancy     | 1 2 3 |  3.6
Translocations | 1 2 3 |  3.6
Transmutations | 1 2 3 |  3.6
Fire Magic     | 1 2 3 |  3.6
Ice Magic      | 1 2 3 |  3.6
Earth Magic    | 1 2 3 |  3.6
Poison Magic   | 1 2 3 |  3.6
Invocations    | 1 3 4 |  4.9
Evocations     | 1 3 4 |  4.4
Dodging        | 5 6 |  6.4
Stealth        | 5 6 |  6.2
Air Magic      | 6 |  6.6

Action                   |  1- 3 |  4- 6 || total
-------------------------+-------+-------++-------
Melee: Unarmed           |    16 |     2 ||    18
       Bite              |     2 |     1 ||     3
 Cast: Shock             |    15 |    15 ||    30
  Use: Potion            |       |     1 ||     1
Armor: Robe              |     2 |       ||     2
Dodge: Dodged            |    16 |     7 ||    23
